 Dungeon Crawl Stone Soup version 0.24.0-35-gdb84b6a5db (webtiles) character file.

Game seed: 6819969258164645462, levelgen mode: deterministic

12366 hohol228 the Martial Artist (level 11, -12/100 HPs)
             Began as a Gnoll Transmuter on Nov 17, 2019.
             Was an Elder of Qazlal.
             Mangled by a death yak (28 damage)
             ... on level 1 of the Lair of Beasts.
             The game lasted 00:34:36 (13861 turns).

hohol228 the Martial Artist (Gnoll Transmuter)     Turns: 13861, Time: 00:34:36

Health: -12/100    AC:  6    Str: 15    XL:     11   Next: 92%
Magic:  19/23      EV: 15    Int: 16    God:    Qazlal [****..]
Gold:   561        SH:  5    Dex: 18    Spells: 4/26 levels left

rFire    x . .     SeeInvis .     - Unarmed
rCold    + + +     Gourm    .   (shield currently unavailable)
rNeg     . . .     Faith    .   (armour currently unavailable)
rPois    +         Spirit   .   (helmet currently unavailable)
rElec    .         Reflect  .   (cloak currently unavailable)
rCorr    .         Harm     .   (gloves currently unavailable)
MR       +....                  (boots currently unavailable)
Stlth    ++........             K - amulet of magic regeneration
HPRegen  0.26/turn              C - ring of protection from magic
MPRegen  0.43/turn              G - +2 ring of dexterity

@: ice-form, repel missiles
A: large, distributed training, strong nose
a: End Transformation, Upheaval, Elemental Force, Renounce Religion


You were on level 1 of the Lair of Beasts.
You worshipped Qazlal.
Qazlal was greatly pleased with you.
You were not hungry.
You were a creature of crystalline ice.
You visited 3 branches of the dungeon, and saw 13 of its levels.
You also visited: Sewer.

You collected 609 gold pieces.
You spent 48 gold pieces at shops.

Inventory:

Hand Weapons
 m - a +2 mace of protection (melded)
Missiles
 e - 22 boomerangs (quivered)
Armour
 b - a +1 leather armour of poison resistance
 k - a +0 pair of boots (melded)
 y - a +2 robe of fire resistance (melded)
 B - a +0 cloak (melded)
 L - a +0 pair of gloves (melded)
Jewellery
 A - an uncursed ring of protection from fire
 C - a ring of protection from magic (left front paw)
 G - a +2 ring of dexterity (right front paw)
 H - a +4 ring of evasion {unknown}
 J - a +6 ring of dexterity
 K - an amulet of magic regeneration (around neck)
Wands
 g - a wand of flame (19)
 h - a wand of polymorph (9)
 t - a wand of random effects (7)
Scrolls
 a - 2 scrolls of magic mapping {unknown}
 i - a scroll of fog {unknown}
 o - a scroll of blinking
 p - 2 scrolls of teleportation
 q - 3 scrolls of enchant armour {unknown}
 r - 3 scrolls of amnesia {unknown}
 w - a scroll of enchant weapon {unknown}
 z - 8 scrolls of remove curse
 I - 2 scrolls of fear {unknown}
 O - a scroll of random uselessness {unknown}
Potions
 c - a potion of mutation {unknown}
 f - 8 potions of curing
 j - a potion of magic
 l - 4 potions of flight
 s - a potion of haste {unknown}
 u - 3 potions of brilliance {unknown}
 v - 3 potions of degeneration {unknown}
 x - 2 potions of might {unknown}
 D - 2 potions of lignification {unknown}
Comestibles
 d - 25 rations


   Skills:
 + Level 7.2 Fighting
 + Level 6.6 Short Blades
 + Level 6.6 Long Blades
 + Level 6.6 Axes
 + Level 6.6 Maces & Flails
 + Level 6.6 Polearms
 + Level 6.6 Staves
 + Level 6.6 Slings
 + Level 6.6 Bows
 + Level 6.6 Crossbows
 + Level 6.6 Throwing
 + Level 6.6 Armour
 + Level 8.1 Dodging
 + Level 6.6 Stealth
 + Level 6.6 Shields
 + Level 9.4 Unarmed Combat
 + Level 8.4 Spellcasting
 + Level 5.5 Conjurations
 + Level 5.5 Hexes
 + Level 5.5 Charms
 + Level 5.5 Summonings
 + Level 5.5 Necromancy
 + Level 5.5 Translocations
 + Level 6.8 Transmutations
 + Level 5.5 Fire Magic
 + Level 5.5 Ice Magic
 + Level 5.5 Air Magic
 + Level 5.5 Earth Magic
 + Level 5.5 Poison Magic
 + Level 7.2 Invocations
 + Level 6.6 Evocations


You had 4 spell levels left.
You knew the following spells:

 Your Spells              Type           Power        Failure   Level  Hunger
a - Beastly Appendage     Tmut           ####..       1%          1    None
b - Spider Form           Tmut/Pois      ####......   2%          3    #......
c - Ice Form              Ice/Tmut       ####....     9%          4    ###....
d - Blade Hands           Tmut           ####......   19%         5    #####..
e - Mephitic Cloud        Conj/Pois/Air  ###.....     3%          3    #......
f - Statue Form           Tmut/Erth      ####.....    78%         6    ######.

Your spell library contained the following spells:

 Spells                   Type           Power        Failure   Level  Hunger
 Sting                    Conj/Pois      ###.         1%          1    None
 Poisonous Vapours        Pois/Air       ###...       1%          2    None
 Sticks to Snakes         Tmut           ####....     1%          2    None
 Leda's Liquefaction      Hex/Erth       ###.......   11%         4    ###....
 Olgreb's Toxic Radiance  Pois           ###.....     11%         4    ###....
 Bolt of Magma            Conj/Fire/Erth ###.......   30%         5    #####..
 Venom Bolt               Conj/Pois      ###.......   30%         5    #####..
 Iron Shot                Conj/Erth      ###.......   86%         6    ######.
 Shatter                  Erth           ###.......   100%        9    #######


Dungeon Overview and Level Annotations

Branches:
Dungeon (11/15)            Temple (1/1) D:6            Lair (1/6) D:11
  Sewer (visited)
    Orc: D:9-12

Altars:
Ashenzari
Cheibriados
Dithmenos
Elyvilon
Fedhas
Hepliaklqana
Kikubaaqudgha
Makhleb
Nemelex Xobeh
Okawaru
Qazlal
Ru
Sif Muna
Trog
Vehumet
Wu Jian
Xom
Zin
The Shining One
Beogh

Shops:
D:10 *

Annotations:
D:11 1 runed translucent door, kmx's ghost, journeyman CeTm


Innate Abilities, Weirdness & Mutations

Your experience applies equally to all skills.
((You have very sharp teeth.))
Your uncanny sense of smell can sniff out nearby items.


Message History

The death yak seems to speed up.
Evoke which item? (* to show all) (? for menu, Esc to quit)
Aiming: Random Effects
Press: ? - help, Shift-Dir - straight line, f/p - death yak
Aim: a death yak (moderately wounded, fast)
The bolt of negative energy misses the death yak.
Evoke which item? (* to show all) (? for menu, Esc to quit)
Aiming: Random Effects
Press: ? - help, Shift-Dir - straight line, f/p - death yak
Aim: a death yak (moderately wounded, fast)
The death yak resists with almost no effort.
You hit the death yak. You freeze the death yak.
The death yak is moderately wounded.
The death yak gores you!
* * * LOW HITPOINT WARNING * * *
Okay, then.
Okay, then.
The death yak barely misses you. The death yak gores you!!
You die...

## ## ## #####.##.##
#.##..☼......#.
#...○...........
#...#Y##.......
#.°.#Y........
###........... ..
#○..........
....#..°........##....
#...............^.....
##......................
##.....................
#.....................
.......................


You could see a death yak.

Vanquished Creatures
  A death yak (D:11)
  A two-headed ogre (D:9)
  An ugly thing (D:11)
  Pikel (D:4)
  Joseph (D:7)
  A gargoyle (D:11)
  A komodo dragon (D:11)
  2 tengu conjurers (D:10)
  A troll (D:10)
  3 blink frogs
  4 hippogriffs
  Sigmund (D:5)
  The ghost of dragonscale333 the Gusty, an amateur TeAE (D:4)
  A vampire (D:11)
  A wyvern (D:11)
  4 hogs (D:7)
  A human (D:7)
  Edmund (D:6)
  4 water moccasins
  Duvessa (D:6)
  A porcupine (Lair:1)
  2 ice beasts
  2 orc warriors
  A black bear (D:6)
  A phantom (D:5)
  2 centaurs
  10 ogres
  3 crocodiles (D:11)
  5 big kobolds
  12 bullfrogs
  Dowan (D:6)
  A wyvern skeleton (D:6)
  A scorpion (D:8)
  11 killer bees
  3 wights (D:9)
  5 howler monkeys
  3 crimson imps
  A bullfrog zombie (D:9)
  2 centaur zombies
  6 jellies
  A quasit (D:8)
  3 bullfrog skeletons
  7 orc priests
  5 orc wizards
  Crazy Yiuf (D:6)
  4 centaur skeletons
  Ijyb (D:3)
  A gnoll shaman (D:10)
  3 iguanas
  6 worker ants
  A hound zombie (D:5)
  A worker ant zombie (D:5)
  8 gnolls
  9 river rats
  10 adders
  2 shadow imps
  2 oozes
  An adder skeleton (D:8)
  3 adder zombies
  2 worms (D:9)
  3 dart slugs (D:1)
  4 leopard geckos
  32 orcs
  9 ball pythons
  5 giant cockroaches
  6 goblins
  6 hobgoblins
  10 jackals
  4 quokkas
  6 bats
  4 frilled lizards
  A jackal skeleton (D:4)
  38 kobolds
  33 rats
  A plant (D:11)
338 creatures vanquished.

Vanquished Creatures (collateral kills)
  A killer bee (D:10)
  A kobold (D:10)
2 creatures vanquished.

Vanquished Creatures (others)
  An orc priest (D:4)
  An orc (D:4)
  9 plants (D:11)
11 creatures vanquished.

Grand Total: 351 creatures vanquished

Notes
Turn   | Place    | Note
-------+----------+-------------------------------------------
     0 | D:1      | hohol228 the Gnoll Transmuter began the quest for the Orb.
     0 | D:1      | Reached XP level 1. HP: 17/17 MP: 6/6
   418 | D:1      | Reached XP level 2. HP: 23/23 MP: 7/7
   982 | D:1      | Reached XP level 3. HP: 27/28 MP: 7/9
   985 | D:1      | Reached skill level 5 in Spellcasting
  1161 | D:1      | Learned a level 3 spell: Spider Form
  1403 | D:2      | Found an ancient bone altar of Kikubaaqudgha.
  1436 | D:2      | Reached skill level 1 in Invocations
  1530 | D:2      | Reached skill level 1 in Short Blades
  1530 | D:2      | Reached skill level 1 in Long Blades
  1530 | D:2      | Reached skill level 1 in Axes
  1530 | D:2      | Reached skill level 1 in Maces & Flails
  1530 | D:2      | Reached skill level 1 in Polearms
  1530 | D:2      | Reached skill level 1 in Staves
  1530 | D:2      | Reached skill level 1 in Slings
  1530 | D:2      | Reached skill level 1 in Bows
  1530 | D:2      | Reached skill level 1 in Crossbows
  1530 | D:2      | Reached skill level 1 in Throwing
  1530 | D:2      | Reached skill level 1 in Armour
  1530 | D:2      | Reached skill level 1 in Stealth
  1530 | D:2      | Reached skill level 1 in Shields
  1530 | D:2      | Reached skill level 1 in Evocations
  1535 | D:2      | Reached XP level 4. HP: 31/34 MP: 8/11
  1596 | D:2      | Learned a level 4 spell: Ice Form
  2632 | D:3      | Noticed Ijyb
  2645 | D:3      | Killed Ijyb
  2645 | D:3      | Reached skill level 1 in Conjurations
  2645 | D:3      | Reached skill level 1 in Hexes
  2645 | D:3      | Reached skill level 1 in Charms
  2645 | D:3      | Reached skill level 1 in Summonings
  2645 | D:3      | Reached skill level 1 in Necromancy
  2645 | D:3      | Reached skill level 1 in Translocations
  2645 | D:3      | Reached skill level 1 in Fire Magic
  2645 | D:3      | Reached skill level 1 in Ice Magic
  2645 | D:3      | Reached skill level 1 in Air Magic
  2645 | D:3      | Reached skill level 1 in Earth Magic
  2645 | D:3      | Reached skill level 1 in Poison Magic
  2645 | D:3      | Reached XP level 5. HP: 40/40 MP: 9/12
  2870 | D:4      | Found a shattered altar of Ashenzari.
  3064 | D:4      | Found a glowing drain.
  3074 | D:4      | Reached XP level 6. HP: 46/47 MP: 6/13
  3098 | Sewer    | Entered a sewer
  3599 | Sewer    | Reached skill level 5 in Dodging
  3824 | Sewer    | Reached XP level 7. HP: 22/52 MP: 15/15
  4396 | D:4      | Noticed Pikel
  4418 | D:4      | Killed Pikel
  4418 | D:4      | Reached skill level 7 in Unarmed Combat
  4418 | D:4      | Reached XP level 8. HP: 54/60 MP: 12/16
  4634 | D:4      | Found a runed translucent gate.
  4634 | D:4      | Found a runed translucent gate.
  4634 | D:4      | Found a runed translucent gate.
  4641 | D:4      | Noticed dragonscale333's ghost (amateur TeAE)
  4641 | D:4      | Identified the +4 chain mail "Xicieklu" {MR++ rCorr}
  4644 | D:4      | Found a roughly hewn altar of Beogh.
  5076 | D:4      | Killed dragonscale333's ghost
  5357 | D:5      | Entered Level 5 of the Dungeon
  5690 | D:5      | Learned a level 5 spell: Blade Hands
  5751 | D:5      | Found a radiant altar of Vehumet.
  5908 | D:5      | Found a shadowy altar of Dithmenos.
  5963 | D:5      | Found a shimmering blue altar of Sif Muna.
  6027 | D:5      | Found a hazy altar of Hepliaklqana.
  6150 | D:6      | Found a sparkling altar of Nemelex Xobeh.
  6155 | D:6      | Noticed Edmund
  6162 | D:6      | Killed Edmund
  6162 | D:6      | Reached XP level 9. HP: 47/66 MP: 12/18
  6166 | D:6      | Reached skill level 5 in Transmutations
  6422 | D:6      | Noticed Sigmund
  6434 | D:5      | Killed Sigmund
  6651 | D:6      | Found a shimmering altar of Xom.
  6901 | D:6      | Found a runed translucent door.
  6902 | D:6      | Noticed Crazy Yiuf
  7086 | D:6      | Killed Crazy Yiuf
  7270 | D:6      | Noticed Duvessa
  7279 | D:6      | Noticed Dowan
  7282 | D:6      | Found a staircase to the Ecumenical Temple.
  7287 | D:6      | Killed Duvessa
  7289 | D:6      | Killed Dowan
  7300 | Temple   | Entered the Ecumenical Temple
  7322 | Temple   | Became a worshipper of Qazlal Stormbringer
  7685 | D:7      | Reached skill level 5 in Fighting
  7894 | D:7      | Reached skill level 8 in Unarmed Combat
  7896 | D:7      | Reached skill level 5 in Invocations
  7904 | D:7      | Reached XP level 10. HP: 54/74 MP: 18/20
  8356 | D:7      | Noticed Joseph
  8365 | D:7      | Killed Joseph
  8400 | D:7      | Learned a level 3 spell: Mephitic Cloud
  8449 | D:7      | Reached * piety under Qazlal
  8607 | D:8      | Found a snail-covered altar of Cheibriados.
  8704 | D:8      | Reached skill level 5 in Short Blades
  8704 | D:8      | Reached skill level 5 in Long Blades
  8704 | D:8      | Reached skill level 5 in Axes
  8704 | D:8      | Reached skill level 5 in Maces & Flails
  8704 | D:8      | Reached skill level 5 in Polearms
  8704 | D:8      | Reached skill level 5 in Staves
  8704 | D:8      | Reached skill level 5 in Slings
  8704 | D:8      | Reached skill level 5 in Bows
  8704 | D:8      | Reached skill level 5 in Crossbows
  8704 | D:8      | Reached skill level 5 in Throwing
  8704 | D:8      | Reached skill level 5 in Armour
  8704 | D:8      | Reached skill level 5 in Stealth
  8704 | D:8      | Reached skill level 5 in Shields
  8704 | D:8      | Reached skill level 5 in Evocations
  9519 | D:9      | Noticed a moth of wrath
  9522 | D:9      | Found a bloodstained altar of Trog.
  9646 | D:9      | Found a glowing golden altar of the Shining One.
  9646 | D:9      | Found a glowing silver altar of Zin.
  9647 | D:9      | Found a white marble altar of Elyvilon.
  9711 | D:9      | Noticed a two-headed ogre
  9719 | D:9      | Killed a two-headed ogre
  9719 | D:9      | Reached ** piety under Qazlal
 10056 | D:9      | Found a glowing silver altar of Zin.
 10467 | D:10     | Entered Level 10 of the Dungeon
 10514 | D:10     | Reached XP level 11. HP: 69/81 MP: 14/22
 10536 | D:10     | Reached *** piety under Qazlal
 10936 | D:10     | Found Uhimeog's General Store.
 10943 | D:10     | Reached skill level 9 in Unarmed Combat
 10985 | D:10     | Bought a scroll of remove curse for 48 gold pieces
 11052 | D:10     | Reached skill level 5 in Conjurations
 11052 | D:10     | Reached skill level 5 in Hexes
 11052 | D:10     | Reached skill level 5 in Charms
 11052 | D:10     | Reached skill level 5 in Summonings
 11052 | D:10     | Reached skill level 5 in Necromancy
 11052 | D:10     | Reached skill level 5 in Translocations
 11052 | D:10     | Reached skill level 5 in Fire Magic
 11052 | D:10     | Reached skill level 5 in Ice Magic
 11052 | D:10     | Reached skill level 5 in Air Magic
 11052 | D:10     | Reached skill level 5 in Earth Magic
 11052 | D:10     | Reached skill level 5 in Poison Magic
 11172 | D:10     | Found a sacrificial altar of Ru.
 11747 | D:11     | Found a runed translucent door.
 11747 | D:11     | Found a shimmering altar of Xom.
 11747 | D:11     | Noticed kmx's ghost (journeyman CeTm)
 11747 | D:11     | Noticed a +5 scimitar of chaos
 11769 | D:11     | Noticed a purple ugly thing
 11777 | D:11     | Killed a purple ugly thing
 12223 | D:11     | Found a staircase to the Lair.
 12238 | Lair:1   | Entered Level 1 of the Lair of Beasts
 12239 | Lair:1   | Noticed a death yak
 12247 | Lair:1   | Noticed a death yak
 12248 | Lair:1   | Noticed a death yak
 12249 | Lair:1   | Noticed a death yak
 12249 | Lair:1   | Noticed a death yak
 12251 | Lair:1   | Noticed a death yak
 12432 | D:11     | HP: 1/83 [blink frog (17)]
 12458 | D:11     | Killed a death yak
 12461 | D:11     | HP: 1/99 [blink frog (10)]
 12856 | D:11     | Reached **** piety under Qazlal
 13157 | D:11     | Learned a level 6 spell: Statue Form
 13861 | Lair:1   | Mangled by a death yak

Levels and vault maps discovered:
D:1:      dpeg_arrival_three_same_balls, layout_basic
D:2:      layout_basic, nicolae_overflow_crystal_walls
D:3:      layout_basic, uniq_ijyb
D:4:      layout_gridville, nicolae_ashenzari_panopticon, portal_sewer_entry_a,
          biasface_ghost_orc_armoury, first_ration, uniq_pikel
D:5:      layout_basic, nicolae_dithmenos_the_darkroom,
          lemuel_coloured_pillars_altar, lemuel_round_altar, marbit_many_paths
D:6:      layout_loops_ring, old_standard_altar, old_standard_altar,
          temple_hall, uniq_sigmund, uniq_duvessa, uniq_crazy_yiuf_cottage,
          uniq_edmund
D:7:      layout_loops_corners, grunt_livestock, uniq_joseph
D:8:      layout_rooms, cheibriados_altar_1
D:9:      layout_roguey, good_gods_mini_temple, tgw_trog, basic_altar
D:10:     layout_loops_ring, basic_altar, serial_shops, shop
D:11:     layout_layer_cave, david_lair_shrubbed, ebering_ghost_xom,
          kennysheep_generic_room_4
Temple:   compressed_dpeg_triangle_lava_temple
Lair:1:   layout_cave_shapes, nicolae_volcano_entry_batcave

Skill      XL: |  1  2  3  4  5  6  7  8  9 10 11 |
---------------+----------------------------------+-----
Spellcasting   | 5 6 7 8 |  8.4
Invocations    | 1 2 3 4 5 6 7 |  7.2
Short Blades   | 1 2 3 4 5 6 |  6.6
Long Blades    | 1 2 3 4 5 6 |  6.6
Axes           | 1 2 3 4 5 6 |  6.6
Maces & Flails | 1 2 3 4 5 6 |  6.6
Polearms       | 1 2 3 4 5 6 |  6.6
Staves         | 1 2 3 4 5 6 |  6.6
Slings         | 1 2 3 4 5 6 |  6.6
Bows           | 1 2 3 4 5 6 |  6.6
Crossbows      | 1 2 3 4 5 6 |  6.6
Throwing       | 1 2 3 4 5 6 |  6.6
Armour         | 1 2 3 4 5 6 |  6.6
Stealth        | 1 2 3 4 5 6 |  6.6
Shields        | 1 2 3 4 5 6 |  6.6
Evocations     | 1 2 3 4 5 6 |  6.6
Conjurations   | 1 2 3 4 5 |  5.5
Hexes          | 1 2 3 4 5 |  5.5
Charms         | 1 2 3 4 5 |  5.5
Summonings     | 1 2 3 4 5 |  5.5
Necromancy     | 1 2 3 4 5 |  5.5
Translocations | 1 2 3 4 5 |  5.5
Fire Magic     | 1 2 3 4 5 |  5.5
Ice Magic      | 1 2 3 4 5 |  5.5
Air Magic      | 1 2 3 4 5 |  5.5
Earth Magic    | 1 2 3 4 5 |  5.5
Poison Magic   | 1 2 3 4 5 |  5.5
Fighting       | 3 4 5 6 7 |  7.2
Transmutations | 4 5 6 |  6.8
Dodging        | 5 6 7 8 |  8.1
Unarmed Combat | 7 8 9 |  9.4

Action                   |  1- 3 |  4- 6 |  7- 9 | 10-12 || total
-------------------------+-------+-------+-------+-------++-------
Melee: Unarmed           |    76 |    76 |   127 |   256 ||   535
       Bite              |    11 |    14 |    11 |    43 ||    79
       Punch             |     5 |     1 |     7 |    16 ||    29
       Mace              |     4 |   118 |   144 |   279 ||   545
Throw: Boomerang         |       |       |       |     1 ||     1
 Cast: Beastly Appendage |     2 |       |       |       ||     2
       Spider Form       |     1 |     7 |     6 |     7 ||    21
       Ice Form          |       |       |     9 |    14 ||    23
       Mephitic Cloud    |       |       |       |     5 ||     5
       Blade Hands       |       |       |       |     5 ||     5
Invok: Upheaval          |       |       |       |     2 ||     2
Evoke: Wand              |       |     2 |       |    10 ||    12
  Use: Scroll            |       |     2 |     3 |     4 ||     9
       Potion            |       |       |     1 |     6 ||     7
 Stab: Sleeping          |     3 |     7 |     5 |       ||    15
       Confused          |       |       |       |     6 ||     6
  Eat: Chunk             |     2 |     4 |    12 |    30 ||    48
       Ration            |       |     1 |     1 |       ||     2
Armor: Robe              |    11 |    32 |    33 |    97 ||   173
       Skin              |       |     6 |    12 |    15 ||    33
Dodge: Dodged            |    63 |   244 |   240 |   527 ||  1074
       Deflected         |       |       |       |     1 ||     1
Block: Other             |       |       |       |    64 ||    64
